 Dungeon Crawl Stone Soup version 0.20.0-15-g7f486f2 (webtiles) character file.

215 ArtsTyrian the Shield-Bearer (level 6, -6/48 HPs)
             Began as a Formicid Fighter on June 13, 2017.
             Was a Believer of Uskayaw.
             Mangled by an ogre
             ... wielding a +0 giant club
              (24 damage)
             ... on level 4 of the Dungeon.
             The game lasted 00:13:57 (4137 turns).

ArtsTyrian the Shield-Bearer (Formicid Fighter)     Turns: 4137, Time: 00:13:58

Health: -6/48      AC:  8    Str: 23    XL:     6   Next: 15%
Magic:  15/15      EV:  8    Int:  7    God:    Uskayaw [**....]
Gold:   160        SH: 10    Dex: 10    Spells: 5/5 levels left

rFire    . . .     SeeInvis +   a - +0 war axe
rCold    . . .     Gourm    .   c - +0 shield
rNeg     . . .     Faith    .   b - +0 scale mail
rPois    .         Spirit   .   (helmet unavailable)
rElec    .         Reflect  .   (no cloak)
rCorr    .         Harm     .   u - +0 pair of gloves
MR       .....                  (no boots)
Stlth    ..........             p - amulet of regeneration
Regen    0.6/turn               e - ring of magical power
MPRegen  0.2/turn               (no ring)

@: no status effects
A: permanent stasis, dig shafts and tunnels, four strong arms, antennae 3
a: Dig, Shaft Self, Stomp, Line Pass, Renounce Religion


You were on level 4 of the Dungeon.
You worshipped Uskayaw.
Uskayaw was noncommittal.
You were very hungry.

You visited 1 branch of the dungeon, and saw 4 of its levels.

You collected 160 gold pieces.

Inventory:

Hand Weapons
 a - a +0 war axe (weapon)
Armour
 b - a +0 scale mail (worn)
 c - a +0 shield (worn)
 u - a +0 pair of gloves (worn)
Jewellery
 e - a ring of magical power (left hand)
 p - an amulet of regeneration (around neck)
Wands
 h - a wand of iceblast (9/15)
Scrolls
 j - a scroll of recharging {unknown}
 k - 4 scrolls of identify {unknown}
 o - a scroll of immolation {unknown}
 q - a scroll of blinking {unknown}
 v - a scroll of remove curse {unknown}
Potions
 d - 2 potions of might
 l - a potion of invisibility {unknown}
 m - 2 potions of agility {unknown}
 n - 2 potions of heal wounds {unknown}
 r - a potion of berserk rage {unknown}
 s - a potion of lignification {unknown}
Comestibles
 f - 3 bread rations
 g - 2 royal jellies
 i - 4 fruits
 t - a meat ration


   Skills:
 * Level 4.0 Fighting
 * Level 4.0 Axes
 * Level 4.1 Armour
 + Level 0.3 Dodging
 * Level 1.6 Stealth
 * Level 4.6 Shields


You had 5 spell levels left.
You didn't know any spells.

Dungeon Overview and Level Annotations

Branches:
Dungeon (4/15)             Temple (0/1) D:4

Altars:
Cheibriados
Fedhas
Hepliaklqana
Ru
Sif Muna
Uskayaw
Xom


Innate Abilities, Weirdness & Mutations

You cannot be hasted, slowed, berserked, paralysed or teleported.
You can dig through walls and to a lower floor.
Your four strong arms can wield two-handed weapons with a shield.
You have a pair of large antennae on your head. (SInv)


Message History

The ogre shouts!
You barely miss the ogre. You block the ogre's attack.
You hit the ogre.
The ogre is lightly wounded.
The ogre hits you with a giant club! x2
Your scale mail prevents you from hitting the ogre.
The ogre is lightly wounded.
The ogre barely misses you.
You hit the ogre.
The ogre is moderately wounded.
You block the ogre's attack.
You can now pass through a line of other dancers.
You hit the ogre.
The ogre is heavily wounded.
The ogre hits you with a giant club!
You barely miss the ogre.
The ogre is heavily wounded.
The ogre hits you with a giant club!!
Ouch! That really hurt!
You die...

# #.# ## ... ..#.## .. ...
#.#.##. #. ...
.#.#.##.##.########.####
.#.#.#..(...............
.....#.......................
.....#.......................
.....#..........@O...........
.###.#.......................
#.#.........>.............
#.#.......................
#.#............>..........
#.#.......................
#.#.......................
####...........<..........)..
.............................


You could see an ogre.

Vanquished Creatures
  2 worker ants (D:4)
  A gnoll (D:1)
  6 adders
  2 oozes
  3 worms
  3 dart slugs (D:1)
  3 leopard geckos
  2 orcs (D:3)
  4 bats
  5 giant cockroaches
  8 goblins
  13 hobgoblins
  4 jackals (D:3)
  A ball python (D:3)
  5 frilled lizards
  4 kobolds
  A quokka skeleton (D:3)
  10 rats
  12 plants (D:2)
89 creatures vanquished.

Notes
Turn   | Place    | Note
-------+----------+-------------------------------------------
     0 | D:1      | ArtsTyrian the Formicid Fighter began the quest for the Orb.
     0 | D:1      | Reached XP level 1. HP: 18/18 MP: 1/1
   136 | D:1      | Reached XP level 2. HP: 24/24 MP: 2/2
   230 | D:1      | Reached XP level 3. HP: 24/30 MP: 3/3
   239 | D:1      | Found a snail-covered altar of Cheibriados.
   496 | D:1      | Reached skill level 1 in Stealth
  1132 | D:1      | Reached XP level 4. HP: 35/37 MP: 4/4
  1751 | D:2      | Reached XP level 5. HP: 40/42 MP: 5/5
  2782 | D:3      | Found a deep blue altar of Sif Muna.
  2958 | D:3      | Found a shimmering altar of Xom.
  2958 | D:3      | Found a blossoming altar of Fedhas.
  2961 | D:3      | Found a hazy altar of Hepliaklqana.
  3156 | D:3      | Found a hide-covered altar of Uskayaw.
  3158 | D:3      | Found a sacrificial altar of Ru.
  3456 | D:3      | Became a worshipper of Uskayaw the Reveler
  3478 | D:4      | Reached * piety under Uskayaw
  3519 | D:4      | Reached ** piety under Uskayaw
  3520 | D:4      | Reached XP level 6. HP: 36/48 MP: 6/6
  3523 | D:4      | Reached *** piety under Uskayaw
  3631 | D:4      | Found a staircase to the Ecumenical Temple.
  4128 | D:4      | Noticed an ogre
  4137 | D:4      | Mangled by an ogre

Skill      XL: |  1  2  3  4  5  6 |
---------------+-------------------+-----
Stealth        | 1 |  1.6
Axes           | 3 4 |  4.0
Shields        | 4 |  4.6
Armour         | 4 |  4.1
Fighting       | 4 |  4.0
Dodging        | |  0.3

Action                   |  1- 3 |  4- 6 || total
-------------------------+-------+-------++-------
Melee: War axe           |    97 |   381 ||   478
 Abil: Dig               |     1 |     3 ||     4
 Stab: Paralysed         |       |     1 ||     1
  Eat: Chunk             |     1 |    10 ||    11
Armor: Scale mail        |    49 |    75 ||   124
Dodge: Dodged            |    29 |    49 ||    78
Block: Shield            |    64 |   105 ||   169
